 Dungeon Crawl Stone Soup version 0.21.1-1-g345015f (webtiles) character file.

68 rgaf the Digger (level 3, -1/26 HPs)
             Began as a Demigod Earth Elementalist on July 7, 2018.
             Killed by divine providence
             ... invoked by an orc priest
              (14 damage)
             ... on level 3 of the Dungeon.
             The game lasted 00:02:57 (2343 turns).

rgaf the Digger (Demigod Earth Elementalist)        Turns: 2343, Time: 00:02:58

Health: -1/26      AC:  3    Str: 14    XL:     3   Next: 73%
Magic:  1/9        EV: 12    Int: 21    God:
Gold:   160        SH:  0    Dex: 16    Spells: 2/6 levels left

rFire    . . .     SeeInvis +   t - +1 short sword (venom)
rCold    . . .     Gourm    .   (no shield)
rNeg     . . .     Faith    .   c - +0 robe
rPois    .         Spirit   .   (no helmet)
rElec    .         Reflect  .   (no cloak)
rCorr    .         Harm     .   v - +0 pair of gloves
MR       .....                  (no boots)
Stlth    ++........             (no amulet)
HPRegen  0.08/turn              g - +3 ring of strength
MPRegen  0.11/turn              l - ring of see invisible

@: very slightly contaminated
A: high mp 1
a: no special abilities


You were on level 3 of the Dungeon.
You were hungry.

You visited 1 branch of the dungeon, and saw 3 of its levels.

You collected 160 gold pieces.

Inventory:

Hand Weapons
 t - a +1 short sword of venom (weapon)
Missiles
 b - 43 stones (quivered)
Armour
 c - a +0 robe (worn)
 n - a +0 pair of gloves
 v - a +0 pair of gloves (worn)
Jewellery
 g - a +3 ring of strength (left hand)
 i - an uncursed ring of fire
 l - a ring of see invisible (right hand)
Scrolls
 a - 4 scrolls of teleportation {unknown}
 f - a scroll of enchant weapon {unknown}
 h - 2 scrolls of amnesia {unknown}
 j - a scroll of magic mapping {unknown}
 k - 2 scrolls of remove curse {unknown}
 q - 2 scrolls of identify {unknown}
Potions
 m - 2 potions of heal wounds {unknown}
 o - a potion of agility {unknown}
 r - a potion of brilliance {unknown}
 s - a potion of haste {unknown}
 u - a potion of degeneration {unknown}
Books
 e - a book of Geomancy

   Spells                             Type                      Level
   a - Sandblast                      Earth                        1
   b - Passwall                       Transmutation/Earth          2
   c - Stone Arrow                    Conjuration/Earth            3
   d - Petrify                        Transmutation/Earth          4
   e - Lee's Rapid Deconstruction     Earth                        5
Comestibles
 d - 5 rations
 p - 4 chunks of flesh


   Skills:
 - Level 1.7 Dodging
 - Level 1.7 Stealth
 + Level 2.4 Spellcasting
 * Level 0.7 Conjurations
   Level 0.8 Transmutations
 * Level 3.8 Earth Magic


You had 2 spell levels left.
You knew the following spells:

 Your Spells              Type           Power        Failure   Level  Hunger
a - Sandblast             Erth           ###...       2%          1    None
b - Stone Arrow           Conj/Erth      ##....       16%         3    ###....


Dungeon Overview and Level Annotations

Branches:
Dungeon (3/15)

Annotations:
D:3 rgaf's ghost, amateur NaBe


Innate Abilities, Weirdness & Mutations

You have an increased reservoir of magic. (+10% MP)


Message History

Press: ? - help, Shift-Dir - straight line, f - orc wizard
Aim: an orc wizard, wielding a dagger and wearing a robe You miscast Stone Arrow.
You are very lightly contaminated with residual magic.
Motes of dust swirl before your eyes.
Casting: Stone Arrow
Confirm with . or Enter, or press ? or * to list all spells.
Aiming: Stone Arrow
Press: ? - help, Shift-Dir - straight line, f/p - orc wizard
Aim: an orc wizard, wielding a dagger and wearing a robe The stone arrow hits the orc wizard.
The orc wizard is heavily wounded.
The orc priest calls down the wrath of Beogh upon you.
Beogh smites you!
Ouch! That really hurt!
A worm comes into view.
The orc priest mumbles some strange prayers to Beogh against you.
Beogh smites you!
Ouch! That really hurt!
You die...

### ..# #.#
###.##+####
#.........#
+####.(.......#
.......@b.....#
..............#
....ooo.......#
..............#
[.oo..#######..
w..... . ......
.#####


You could see a worm, an orc priest, 2 orc wizards, 2 orcs and a bat.

Vanquished Creatures
  2 adders (D:2)
  An ooze (D:2)
  A worm (D:2)
  A dart slug (D:2)
  A leopard gecko (D:1)
  2 orcs (D:2)
  4 bats
  5 hobgoblins
  2 jackals (D:1)
  2 quokkas
  2 frilled lizards (D:1)
  3 goblins
  6 kobolds
  5 rats
37 creatures vanquished.

Notes
Turn   | Place    | Note
-------+----------+-------------------------------------------
     0 | D:1      | rgaf the Demigod Earth Elementalist began the quest for the Orb.
     0 | D:1      | Reached XP level 1. HP: 14/14 MP: 5/5
   243 | D:1      | Reached skill level 3 in Earth Magic
   538 | D:1      | Reached XP level 2. HP: 20/20 MP: 5/7
  1212 | D:2      | Found a hide-covered altar of Uskayaw.
  1375 | D:2      | Reached XP level 3. HP: 26/26 MP: 7/9
  1380 | D:2      | Learned a level 3 spell: Stone Arrow
  1555 | D:2      | Found a white marble altar of Elyvilon.
  1739 | D:2      | Found a radiant altar of Vehumet.
  2004 | D:2      | Found a snail-covered altar of Cheibriados.
  2189 | D:2      | Found a sparkling altar of Nemelex Xobeh.
  2300 | D:3      | Noticed rgaf's ghost (amateur NaBe)
  2343 | D:3      | Killed from afar by an orc priest

Skill      XL: |  1 |
---------------+----+-----
Earth Magic    | 3 |  3.8
Spellcasting   | 2 |  2.4
Dodging        | |  1.7
Stealth        | |  1.7
Conjurations   | |  0.7
Transmutations | |  0.8

Action                   || total
-------------------------++-------
Melee: Unarmed           ||     8
       Short sword       ||    10
 Cast: Sandblast         ||    45
       Stone Arrow       ||     9
  Eat: Chunk             ||     5
Armor: Robe              ||    10
Dodge: Dodged            ||    35
